 Dungeon Crawl Stone Soup version 0.27.1-1-g398f81649c (webtiles) character file.

Game seed: 9584264792927087349

29 Descartes the Charlatan (level 3, -2/17 HPs)
             Began as a Spriggan Artificer on Sept 22, 2021.
             Slain by a worm (10 damage)
             ... on level 2 of the Dungeon.
             The game lasted 00:02:03 (1388 turns).

Descartes the Charlatan (Spriggan Artificer)        Turns: 1388, Time: 00:02:04

Health: -2/17      AC:  2    Str:  9    XL:     3   Next: 1%
Magic:  4/4        EV: 18    Int: 12    God:
Gold:   36         SH:  0    Dex: 15    Spells: 2/2 levels left

rFire    . . .     SeeInvis +   i - +0 dagger (venom)
rCold    . . .     Faith    .   (shield restricted)
rNeg     . . .     Spirit   .   b - +0 robe
rPois    .         Reflect  .   (helmet restricted)
rElec    .         Harm     .   (no cloak)
rCorr    .         Rampage  .   (gloves unavailable)
Will     .....                  (boots unavailable)
Stlth    ++........             (no amulet)
HPRegen  0.05/turn              (no ring)
MPRegen  0.09/turn              (no ring)

@: very quick
A: very small, no large weapons, unfitting armour, see invisible, speed 3
a: no special abilities


You were on level 2 of the Dungeon.
You visited 1 branch of the dungeon, and saw 2 of its levels.

You collected 36 gold pieces.

Inventory:

Hand Weapons
 i - a +0 dagger of venom (weapon)
Missiles
 a - 40 stones
 f - 13 poisoned darts (quivered)
 g - 2 boomerangs
 h - 18 sling bullets
Armour
 b - a +0 robe (worn)
Jewellery
 k - a ring of ice
Wands
 c - a wand of flame (15)
 d - a wand of charming (15)
Scrolls
 l - a scroll of teleportation {unknown}
 n - a scroll of fog {unknown}
 o - 2 scrolls of amnesia {unknown}
 p - a scroll of fear {unknown}
Potions
 j - a potion of brilliance {unknown}
 m - a potion of haste {unknown}
Miscellaneous
 e - a piece from Xom's chessboard (15/15)


   Skills:
 - Level 0.7 Fighting
 + Level 3.7 Dodging
 * Level 3.5 Stealth
 + Level 4.4 Evocations


You had 2 spell levels left.
You didn't know any spells.
Your spell library contained the following spells:

 Spells                   Type           Power      Damage    Failure   Level
 Beastly Appendage        Tmut           0%         N/A       32%         1
 Wereblood                Tmut           0%         N/A       45%         2
 Spider Form              Tmut/Pois      0%         N/A       69%         3


Dungeon Overview and Level Annotations

Branches:
Dungeon (2/15)

Altars:


Innate Abilities, Weirdness & Mutations

You are very small and have problems with some larger weapons.
You are too small for most types of armour.
You have supernaturally acute eyesight. (SInv)
You cover ground extremely quickly. (Speed+++)


Message History

There is a stone staircase leading down here.
Found an escape hatch in the floor.
There is an escape hatch in the floor here.
A goblin comes into view. It is wielding a +0 club.
The goblin shouts!
The goblin unwields a +0 club.
The goblin wields a +0 hunting sling.
The goblin shoots a stone.
The stone hits you.
The goblin shoots a stone.
The stone closely misses you.
A worm comes into view.
The goblin unwields a +0 hunting sling.
The goblin wields a +0 club.
The goblin hits you with a +0 club.
You are too injured to fight recklessly!
You are too injured to fight recklessly!
You are too injured to fight recklessly!
You are too injured to fight recklessly!
You are too injured to fight recklessly!
You are too injured to fight recklessly!
You are too injured to fight recklessly!
You are too injured to fight recklessly!
You are too injured to fight recklessly!
You are too injured to fight recklessly!
You are too injured to fight recklessly!
You are too injured to fight recklessly!
You hit the goblin.
The goblin is severely wounded.
You hit the goblin.
You kill the goblin!
You have reached level 3!
Your experience leads to an increase in your attributes!
Increase (S)trength, (I)ntelligence, or (D)exterity?
You feel stronger.
A worm is nearby!
Items here: ( )) †.
You hit the worm.
The worm is poisoned.
The worm is lightly wounded.
The worm misses you.
You hit the worm but do no damage.
The worm looks as sick as possible!
The worm bites you!
Ouch! That really hurt!
You die...

#......#..#
#.........#
#..
#........##
#..
#........#
#.#
#####.##.#
#.# #..#.#
#.# ##.#.#
#.# #...# #w#
##..# #@#
#..# #.# #.>#
#.# ##.# #.#
#.# #.# #.#
#.# #.# #.#
#.# #.#
#.######>####


You could see a worm (extremely poisoned).

Vanquished Creatures
  A dart slug (D:1)
  A ball python (D:2)
  2 bats (D:2)
  2 endoplasms (D:1)
  A giant cockroach (D:1)
  7 goblins
  A hobgoblin (D:1)
  2 kobolds (D:1)
  A quokka (D:1)
  3 frilled lizards (D:1)
  A rat (D:1)
22 creatures vanquished.

Notes
Turn   | Place    | Note
-------+----------+-------------------------------------------
     0 | D:1      | Descartes the Spriggan Artificer began the quest for the
                  | Orb.
     0 | D:1      | Reached XP level 1. HP: 9/9 MP: 2/2
   406 | D:1      | Reached XP level 2. HP: 6/14 MP: 3/3
  1380 | D:2      | Reached XP level 3. HP: 8/17 MP: 4/4
  1388 | D:2      | Slain by a worm

Illustrated notes

Levels and vault maps discovered:
D:1:      dpeg_arrival_pond, layout_rooms
D:2:      layout_basic, ebering_ecumenical_altar_sacrificial, basic_altar,
          moated_statue, kennysheep_generic_room_9

Skill      XL: |  1  2 |
---------------+-------+-----
Stealth        | 2 3 |  3.5
Fighting       | |  0.7
Dodging        | |  3.7
Evocations     | |  4.4

Action                   || total
-------------------------++-------
Melee: Club              ||    26
       Dagger            ||    50
Throw: Dart              ||     3
 Stab: Sleeping          ||     2
Armor: Robe              ||     9
Dodge: Dodged            ||    65
